AoeStats
← PainEATER

African Clearing

505857945Analyzed
2v2 RM · 19d ago on Sep 11, 2026· 62m 14s· 4 players
Game mode
Random Map
Map size
Medium (4 player)
Population
200
Speed
Normal
Resources
Standard
Victory
Conquest
Starting age
Dark Age
Ending age
Imperial Age
RankedLock teamsTeams togetherTeam positionsShared explorationLock speedFull tech treeHidden civsTurbo modeCheats
Victory
Defeat
🇺🇸 Malay · United States
675
+14
🇹🇷 Japanese · Türkiye
672
+14
🇹🇷 Khmer · Türkiye
624
-14
🇹🇷 Lithuanians · Türkiye
624
-14
PainEATER
6:49 Loom
17:11 Feudal Age
19:35 Gold Mining
19:48 Double-Bit Axe
22:34 Stone Mining
27:45 Castle Age
29:26 Stone Shaft Mining
29:31 Gold Shaft Mining
29:19 Bow Saw
29:46 Pikeman
30:27 Horse Collar
31:43 Arson
41:03 Scale Barding Armor
40:59 Scale Mail Armor
41:12 Forging
55:02 Chain Mail Armor
Bay Gandalf
4:26 Loom
19:07 Feudal Age
20:35 Wheelbarrow
19:41 Horse Collar
19:49 Double-Bit Axe
23:04 Gold Mining
23:06 Stone Mining
27:12 Castle Age
27:24 Bloodlines
27:23 Scale Barding Armor
27:29 Forging
27:13 Fletching
27:24 Padded Archer Armor
27:30 Scale Mail Armor
28:12 Arson
29:11 Husbandry
30:21 Man-at-Arms
30:21 Pikeman
31:02 Squires
31:34 Long Swordsman
33:56 Light Cavalry
35:46 Hand Cart
35:46 Heavy Plow
42:24 Imperial Age
43:11 Chain Barding Armor
43:27 Iron Casting
43:16 Elite Leitis
45:14 Crop Rotation
47:53 Plate Barding Armor
47:35 Chain Mail Armor
47:20 Padded Archer Armor
47:11 Fletching
51:14 Halberdier
59:53 Two-Handed Swordsman
zKan
3:28 Loom
20:13 Feudal Age
20:44 Double-Bit Axe
20:43 Horse Collar
20:56 Gold Mining
23:09 Fishing Lines
25:17 Wheelbarrow
25:07 Stone Mining
26:11 Man-at-Arms
26:36 Arson
31:39 Castle Age
32:06 Gambesons
32:23 Long Swordsman
33:24 Squires
37:52 Gold Shaft Mining
37:32 Bow Saw
39:09 Pikeman
40:13 Scale Mail Armor
40:23 Forging
41:09 Caravan
42:54 Iron Casting
43:16 Gillnets
48:06 Hand Cart
52:49 Town Watch
54:02 Chain Mail Armor
59:11 Imperial Age
59:53 Capped Ram
63:09 Blast Furnace
62:39 Plate Mail Armor
62:12 Town Patrol
Turd Ferguson
5:49 Loom
13:59 Feudal Age
16:06 Wheelbarrow
19:33 Castle Age
17:54 Double-Bit Axe
19:50 Bow Saw
24:32 Gold Mining
25:09 Fishing Lines
27:10 Pikeman
27:13 Pikeman
28:05 Forging
29:10 Gillnets
29:17 Fletching
30:01 Bodkin Arrow
30:53 Crossbowman
31:39 Thumb Ring
32:45 Iron Casting
33:42 Gold Shaft Mining
38:43 Imperial Age
36:29 Hand Cart
36:47 Thalassocracy
37:13 Ballistics
38:08 Bracer
39:17 Chemistry
40:05 Blast Furnace
39:11 Scale Barding Armor
39:51 Stone Mining
40:03 Padded Archer Armor
40:16 Masonry
39:48 Treadmill Crane
40:33 Conscription
40:21 Scale Barding Armor
41:29 Husbandry
43:22 Stone Shaft Mining
43:08 Leather Archer Armor
43:00 Siege Engineers
42:52 Murder Holes
43:04 Siege Engineers
46:13 Ring Archer Armor
46:49 Arbalester
46:52 Elite Battle Elephant
49:08 Town Watch
55:19 Town Patrol
57:41 Halberdier
58:22 Squires
Connection lost

Rejoining the realm…

Still unreachable

The connection could not be restored.

Session expired

The server has moved on; the page needs a fresh start.